 Dungeon Crawl Stone Soup version 0.31.0-32-g396128a36d (webtiles) character file.

Game seed: 11902272550374083979

459 Peloso the Slasher (level 6, 0/56 HPs)
             Began as a Minotaur Fighter on Mar 15, 2024.
             Slain by Pikel
             ... wielding a +1 whip of electrocution
              (10 damage)
             ... on level 4 of the Dungeon.
             The game lasted 00:03:52 (2607 turns).

Peloso the Slasher (Minotaur Fighter)               Turns: 2607, Time: 00:03:53

Health: 0/56       AC: 12    Str: 21    XL:     6   Next: 78%
Magic:  5/5        EV:  6    Int:  5    God:
Gold:   196        SH:  5    Dex: 11    Spells: 5/5 levels left

rFire   . . .        a - +1 long sword
rCold   . . .        d - +0 buckler
rNeg    . . .        c - +0 plate armour
rPois   .            (helmet restricted)
rElec   .            (no cloak)
rCorr   .            (no gloves)
SInv    .            (no boots)
Will    .....        (no amulet) Stlth
                     (no ring)
HPRegen 0.29/turn    (no ring)
MPRegen 0.09/turn

%: no passive effects
@: no status effects
A: horns 2, retaliatory headbutt
a: no special abilities


You were on level 4 of the Dungeon.
You visited 1 branch of the dungeon, and saw 4 of its levels.

You collected 196 gold pieces.

Inventory:

Hand Weapons
 a - a +1 long sword (weapon)
Armour
 b - a +0 scale mail
 c - a +0 plate armour (worn)
 d - a +0 buckler (worn)
Jewellery
 g - a +6 ring of intelligence
 i - a +6 ring of strength
Wands
 l - a wand of flame (19)
Scrolls
 e - a scroll of identify {unknown}
 f - a scroll of vulnerability {unknown}
 k - a scroll of summoning {unknown}
 m - 2 scrolls of blinking {unknown}
 n - a scroll of silence {unknown}
 o - a scroll of immolation {unknown}
 q - a scroll of teleportation
 r - a scroll of fog {unknown}
Potions
 h - a potion of might
 j - a potion of curing {unknown}
 p - a potion of heal wounds {unknown}


   Skills:
 + Level 5.0 Fighting
 + Level 5.8 Long Blades
 + Level 4.9 Armour
 + Level 2.2 Dodging
 + Level 0.1 Stealth
 + Level 5.0 Shields


You had 5 spell levels left.
You didn't know any spells.
Your spell library contained the following spells:

 Spells                   Type           Power      Damage    Failure   Level
 Lesser Beckoning         Tloc           0%         N/A       100%        2
 Gell's Gravitas          Tloc           0%         N/A       100%        3
 Teleport Other           Tloc           0%         N/A       100%        3


Dungeon Overview and Level Annotations

Branches:
Dungeon (4/15)
 Temple: D:4-7

Altars:
Elyvilon
Qazlal

Annotations:
D:2 Sigmund
D:4 Pikel


Innate Abilities, Weirdness & Mutations

You have a pair of horns on your head.
You reflexively headbutt those who attack you in melee.


Message History

The lemure hits you but does no damage.
Pikel says, "Hell isn't that bad."
You block the lemure's attack.
You slash the lemure!
The lemure is severely wounded.
The lemure completely misses you.
You miss the lemure.
The lemure is severely wounded.
You block the lemure's attack.
You barely miss the lemure.
The lemure is severely wounded.
The lemure hits you but does no damage.
You hit the lemure.
You kill the lemure!
That felt strangely unrewarding.
You barely miss Pikel. Pikel barely misses you. You furiously retaliate!
You headbutt Pikel. You closely miss Pikel. Your headbutt misses Pikel.
Pikel is lightly wounded.
A lemure comes into view.
You block Pikel's attack.
The lemure shouts!
You hit Pikel but do no damage.
Pikel is lightly wounded.
Pikel says, "Hell isn't that bad."
Pikel hits you with a +1 whip of electrocution.
You are electrocuted!!
You slash Pikel!
Pikel is heavily wounded.
Pikel hits you but does no damage.
You are electrocuted!!
* * * LOW HITPOINT WARNING * * *
Pikel hits you with a +1 whip of electrocution.
* * * LOW HITPOINT WARNING * * *
You hit Pikel.
Pikel is heavily wounded.
Pikel hits you with a +1 whip of electrocution.
* * * LOW HITPOINT WARNING * * *
You are electrocuted!
You die...
Pikel says, "Another soul for the market."

#..# #####.##
##.)...# ###...####
#....#########
#.##..........
#.##.#########
###########..#
#.555K@......#
#.############
###...K........#
#.....#######..#
.####....#..##.....#
....#....K.###....##
#...............#
..#.55..........#
####.............#


You could see Pikel and 3 lemures.

Vanquished Creatures
  A sky beast (D:3)
  An ogre (D:3)
  A lemure (D:4)
  A howler monkey (D:3)
  A bombardier beetle (D:3)
  Jessica (D:2)
  Natasha (thrice) (D:2)
  An orc wizard (D:3)
  4 adders
  3 ribbon worms
  2 dart slugs
  3 orcs (D:3)
  3 ball pythons
  4 endoplasms
  7 giant cockroaches
  2 goblins
  3 hobgoblins
  2 jackals (D:1)
  A quokka (D:2)
  4 bats
  2 frilled lizards
  A kobold (D:4)
  4 rats
55 creatures vanquished.

Notes
Turn   | Place    | Note
-------+----------+-------------------------------------------
     0 | D:1      | Peloso the Minotaur Fighter began the quest for the Orb.
     0 | D:1      | Reached XP level 1. HP: 19/19 MP: 0/0
   312 | D:1      | Reached XP level 2. HP: 27/27 MP: 1/1
   779 | D:2      | Reached XP level 3. HP: 33/33 MP: 2/2
   796 | D:2      | Identified the +6 spear of Brutal Revenge {pain, rElec
                  | Str-5 Dex+2}
  1118 | D:2      | Noticed Natasha
  1122 | D:2      | Killed Natasha
  1123 | D:2      | Reached XP level 4. HP: 41/41 MP: 3/3
  1238 | D:2      | Noticed Jessica
  1239 | D:2      | Killed Jessica
  1337 | D:2      | Noticed Natasha
  1348 | D:2      | Killed Natasha
  1349 | D:2      | Reached skill level 1 in Dodging
  1349 | D:2      | Reached XP level 5. HP: 22/47 MP: 4/4
  1392 | D:2      | Noticed Natasha
  1401 | D:2      | Killed Natasha
  1485 | D:2      | Noticed Sigmund
  1627 | D:3      | Found a white marble altar of Elyvilon.
  1846 | D:3      | Noticed a sky beast
  1864 | D:3      | Killed a sky beast
  1865 | D:3      | Reached skill level 5 in Long Blades
  1865 | D:3      | Reached XP level 6. HP: 27/53 MP: 5/5
  1873 | D:3      | Found a stormy altar of Qazlal.
  1888 | D:3      | Reached skill level 5 in Fighting
  1929 | D:3      | Reached skill level 5 in Shields
  2575 | D:4      | Noticed Pikel
  2607 | D:4      | Slain by Pikel

Illustrated notes

Levels and vault maps discovered:
D:1:      lightli_arrival_windingriver, layout_basic, minmay_door_square,
          minmay_misc_feat_x
D:2:      layout_basic, solitary_fountain, minmay_diced_spiral, uniq_sigmund,
          uniq_natasha, uniq_jessica
D:3:      layout_basic, elyvilon_altar_3, nicolae_qazlal_beasts_of_the_sky,
          minmay_strange_pillars
D:4:      layout_basic, lemuel_round_altar,
          nicolae_gozag_cash_rules_everything_around_me, xom_teletrap_fun,
          serial_co_window_serial, co_window_of_opportunity_a,
          co_window_paths_a, co_window_cross_1, co_window_paths_b,
          co_window_paths_a, co_window_paths_c, co_window_corner_b,
          co_window_broadway_c, co_window_cross_3, co_window_corner_b,
          co_window_broadway_a, glass_columns_b, glass_columns_c,
          chequers_serial_rivers_large_b, uniq_ijyb, uniq_pikel

Skill      XL: |  1  2  3  4  5  6 |
---------------+-------------------+-----
Shields        | 4 5 |  5.0
Fighting       | 4 5 |  5.0
Long Blades    | 3 4 5 |  5.8
Armour         | 4 |  4.9
Dodging        | 1 2 |  2.2
Stealth        | |  0.1

Action                     |  1- 3 |  4- 6 || total
---------------------------+-------+-------++-------
  Melee: Long sword        |    71 |    98 ||   169
         Headbutt          |     9 |    16 ||    25
  Evoke: Wand              |       |     3 ||     3
    Use: Scroll            |     2 |       ||     2
         Potion            |     5 |       ||     5
 Armour: Scale mail        |    46 |       ||    46
         Plate armour      |    10 |    67 ||    77
  Dodge: Dodged            |    37 |    20 ||    57
  Block: Buckler           |    15 |    22 ||    37
